 Dungeon Crawl Stone Soup version 0.17-a0-769-g0b87ae3 (webtiles) character file.

76 Crabhammer the Grave Robber (level 4, 32/32 HPs)
             Began as a Demonspawn Necromancer on Apr 21, 2015.
             Quit the game on level 2 of the Dungeon on Apr 24, 2015.
             The game lasted 00:13:53 (2695 turns).

Crabhammer the Grave Robber (DsNe)                  Turns: 2695, Time: 00:13:53

Health: 32/32      AC:  2    Str:  8    XL:     4   Next: 12%
Magic:  8/8        EV: 12    Int: 17    God:
Gold:   91         SH:  0    Dex: 14    Spells: 2 memorised, 7 levels left

rFire  . . .     SeeInvis .     i - +0 spear
rCold  . . .     Clarity  .     a - +0 robe
rNeg   . . .     SustAb   .     (no shield)
rPois  .         Gourm    .     (no helmet)
rElec  .         Spirit   .     (no cloak)
rCorr  .         Warding  .     (no gloves)
rMut   .         Stasis   .     (no boots)
MR     .....                    (no amulet)
Stlth  ++........               (no ring)
                                (no ring)

@: not resistant to hostile enchantments, unstealthy
A: powered by death 1
a: no special abilities


You were on level 2 of the Dungeon.
You were not hungry.

You visited 1 branch of the dungeon, and saw 2 of its levels.

You collected 91 gold pieces.

Inventory:

Hand weapons
 i - a +0 spear (weapon)
Armour
 a - a +0 robe (worn)
 p - a +0 shield
Jewellery
 o - a +4 ring of strength {unknown}
Scrolls
 d - a scroll of immolation {unknown}
 g - 2 scrolls of random uselessness {unknown}
 k - a scroll of fog {unknown}
Potions
 e - a potion of invisibility {unknown}
 f - 3 potions of restore abilities {unknown}
 j - a potion of poison {unknown}
 l - 2 potions of curing {unknown}
 q - a potion of lignification {unknown}
Books
 b - a book of Necromancy

   Spells                             Type                      Level
   a - Pain                           Necromancy                   1
   b - Animate Skeleton               Necromancy                   1
   c - Vampiric Draining              Necromancy                   3
   d - Regeneration                   Charms/Necromancy            3
   e - Animate Dead                   Necromancy                   4
   f - Control Undead                 Necromancy                   4
Comestibles
 c - a bread ration
 h - a meat ration
 m - a beef jerky
 n - 3 fruits
 r - 3 chunks of flesh


   Skills:
 * Level 1.2 Fighting
 + Level 1.9 Dodging
 - Level 1.7 Stealth
 + Level 3.0 Spellcasting
 - Level 5.2 Necromancy


You had 7 spell levels left.
You knew the following spells:

 Your Spells              Type           Power        Failure   Level  Hunger
a - Pain                  Necr           ###.         2%          1    None
b - Animate Skeleton      Necr           N/A          2%          1    None


Dungeon Overview and Level Annotations

Branches:
Dungeon (2/15)

Altars:
Cheibriados
Fedhas
Sif Muna
Yredelemnul

Annotations:
D:2 Terence


Innate Abilities, Weirdness & Mutations

You can steal the life force of nearby defeated enemies.


Message History

Aim: a goblin, wielding a dagger (severely wounded, chance 90%)
The goblin convulses in agony!
You kill the goblin!
You see here a dagger.
You see here a dagger.
You swap places.
You see here a dagger.
Your hobgoblin skeleton disappears in a puff of smoke!
Done exploring.
Done exploring.
Done exploring.
There is a stone staircase leading down here.
Save game and exit?
Level annotation: Terence Welcome back, Crabhammer the Demonspawn Necromancer.
Press ? for a list of commands and other information.
Level annotation: Terence Welcome back, Crabhammer the Demonspawn Necromancer.
Press ? for a list of commands and other information.
Are you sure you want to abandon this character and quit the game? (Confirm with "yes".)

.##########.######.# #.#
..Z...........##...# #.#
.#########....<..#.# #.# ##
######..#.####.#####.#
#........<...........#
#.####..#.####.##.##.########
#.##....#.# #.##.##.........
##.......#.####.##.##..#######
####........#...@..............#
#...........######........####.#
#.##..........Z.......##.## #.#
#.###.......############.# #.#
#.# #.##.##.# #.# #.# #.#
#.##.##.# #.# #.# #.###.......#
#.# #.# .#.#####.#..# #.# #.#
###.## #.#..# ### #.# #.#


There were no monsters in sight!

Vanquished Creatures
  An adder (D:2)
  2 worms
  5 bats
  3 giant cockroaches (D:1)
  2 gnoll zombies (D:2)
  5 goblins
  11 hobgoblins
  A ball python (D:1)
  4 giant newts
  4 kobolds
  8 rats
46 creatures vanquished.

Vanquished Creatures (collateral kills)
  An adder (D:2)
  A worm (D:2)
  A giant cockroach (D:1)
3 creatures vanquished.

Grand Total: 49 creatures vanquished

Notes
Turn   | Place    | Note
--------------------------------------------------------------
     0 | D:1      | Crabhammer, the Demonspawn Necromancer, began the quest for the Orb.
     0 | D:1      | Reached XP level 1. HP: 13/13 MP: 3/3
    50 | D:1      | Learned a level 1 spell: Animate Skeleton
   354 | D:1      | Gained mutation: You can steal the life force of nearby defeated enemies. [demonic ancestry]
   354 | D:1      | Reached XP level 2. HP: 10/19 MP: 0/5
   660 | D:1      | Found a snail-covered altar of Cheibriados.
   825 | D:1      | Reached skill level 5 in Necromancy
   876 | D:1      | You fall through a shaft!
   892 | D:2      | Reached XP level 3. HP: 20/25 MP: 0/6
  1564 | D:1      | Reached skill level 1 in Fighting
  1712 | D:2      | Noticed Terence
  2334 | D:2      | Found a basalt altar of Yredelemnul.
  2427 | D:2      | Found a blossoming altar of Fedhas.
  2430 | D:2      | Found a deep blue altar of Sif Muna.
  2437 | D:2      | Found a snail-covered altar of Cheibriados.
  2541 | D:2      | Reached XP level 4. HP: 25/32 MP: 1/8
  2695 | D:2      | Upgraded the game from 0.17-a0-725-gfa8c127 to 0.17-a0-769-g0b87ae3
  2695 | D:2      | Quit the game

Action                   |  1- 3 |  4- 6 || total
-------------------------+-------+-------++-------
Melee: Unarmed           |     7 |       ||     7
       Spear             |    30 |       ||    30
 Cast: Pain              |    76 |     3 ||    79
       Animate Skeleton  |    18 |       ||    18
  Eat: Chunk             |     6 |       ||     6
